 Dungeon Crawl Stone Soup version 0.25-a0-464-g3004169c2b (console) character file.

Game seed: 4515290389015755135, levelgen mode: deterministic

566 surprisetrexx the Frost Mage (level 7, -4/46 HPs)
             Began as a Merfolk Ice Elementalist on Feb 5, 2020.
             Slain by Edmund
             ... wielding a +4 vorpal dire flail
              (18 damage)
             ... on level 4 of the Dungeon.
             The game lasted 00:20:20 (4380 turns).

surprisetrexx the Frost Mage (MfIE)                 Turns: 4380, Time: 00:20:20

Health: -4/46      AC:  9    Str:  8    XL:     7   Next: 32%
Magic:  0/10       EV: 16    Int: 16    God:
Gold:   162        SH:  0    Dex: 15    Spells: 6/10 levels left

rFire    . . .     SeeInvis +   n - +0 trident
rCold    . . .     Gourm    .   (no shield)
rNeg     . . .     Faith    .   a - +0 robe
rPois    .         Spirit   .   s - +0 helmet
rElec    .         Reflect  .   (no cloak)
rCorr    .         Harm     .   (no gloves)
MR       .....                  (no boots)
Stlth    ++........             (no amulet)
HPRegen  0.15/turn              d - ring of see invisible
MPRegen  0.12/turn              e - +3 ring of evasion

@: icy armour
A: change form in water, swift swim, stealthy swim
a: no special abilities


You were on level 4 of the Dungeon.
You were not hungry.

You visited 1 branch of the dungeon, and saw 5 of its levels.

You collected 162 gold pieces.

Inventory:

Hand Weapons
 n - a +0 trident (weapon)
 r - a +0 dagger
 u - a +2 hand axe of freezing
Missiles
 f - 75 stones (quivered)
 j - 6 javelins
Armour
 a - a +0 robe (worn)
 s - a +0 helmet (worn)
Jewellery
 d - a ring of see invisible (left hand)
 e - a +3 ring of evasion (right hand)
Scrolls
 b - a scroll of enchant armour
 g - a scroll of remove curse
 h - a scroll of enchant weapon {unknown}
 l - a scroll of amnesia {unknown}
 p - 2 scrolls of identify
 t - a scroll of random uselessness {unknown}
Potions
 i - 2 potions of agility
 k - a potion of invisibility {unknown}
 m - a potion of might {unknown}
 o - a potion of heal wounds {unknown}
Comestibles
 c - 2 rations
 q - a chunk of flesh


   Skills:
 - Level 2.6 Dodging
 - Level 2.1 Stealth
 - Level 2.0 Spellcasting
 + Level 9.4 Ice Magic


You had 6 spell levels left.
You knew the following spells:

 Your Spells              Type           Power        Failure   Level  Hunger
a - Freeze                Ice            ####         1%          1    #......
b - Ozocubu's Armour      Chrm/Ice       ###.....     9%          3    ###....

Your spell library contained the following spells:

 Spells                   Type           Power        Failure   Level  Hunger
 Hailstorm                Conj/Ice       ###.....     30%         4    #####..
 Summon Ice Beast         Ice/Summ       ###.....     30%         4    #####..


Dungeon Overview and Level Annotations

Branches:
Dungeon (5/15)
 Temple: D:4-7

Altars:
Dithmenos
Gozag
Hepliaklqana
Qazlal
Sif Muna
Zin

Annotations:
D:4 Edmund


Message History

Edmund hits you but does no damage.
Casting: Freeze (safe; 1% risk of failure)
Confirm with . or Enter, or press ? or * to list all spells.
Aiming: Freeze (safe; 1% risk of failure)
Press: ? - help, Shift-Dir - straight line, f/p - Edmund
Aim: Edmund, wielding a +4 vorpal dire flail and wearing a +0 leather armour (severely wounded, fast)
You freeze Edmund.
Edmund is severely wounded.
Edmund completely misses you.
Unknown command.
Casting: Freeze (safe; 1% risk of failure)
Confirm with . or Enter, or press ? or * to list all spells.
Aiming: Freeze (safe; 1% risk of failure)
Press: ? - help, Shift-Dir - straight line, f/p - Edmund
Aim: Edmund, wielding a +4 vorpal dire flail and wearing a +0 leather armour (severely wounded, fast)
You freeze Edmund.
Edmund is almost dead.
Edmund hits you with a +4 vorpal dire flail.
Edmund hits you with a +4 vorpal dire flail!!
You die...

....##....)...... ...
........##.##.....
#.....###...........
#............#.##### =
#...........##...#### .#
#...........# ##....#..#
............# #.......#
............####.@......
......##........@.?..#
......##.....###........
....................##..
...............#....#
......##............#
......##....##........
............# ...###...
......###...) ..... ...
#.....# ###... .###


You could see Edmund.

Vanquished Creatures
  A hungry ghost (D:4)
  A bullfrog (D:5)
  A scorpion (D:4)
  A crimson imp (D:5)
  A hound (D:4)
  An orc wizard (D:5)
  Natasha (twice) (D:2)
  An iguana (D:4)
  A worker ant (D:5)
  4 adders
  An ooze (D:1)
  2 worms
  4 dart slugs
  3 leopard geckos
  9 orcs
  2 giant cockroaches
  9 goblins
  6 hobgoblins
  10 kobolds
  2 quokkas (D:2)
  A ball python (D:2)
  8 bats
  2 frilled lizards
  A leopard gecko skeleton (D:5)
  7 rats
81 creatures vanquished.

Notes
Turn   | Place    | Note
-------+----------+-------------------------------------------
     0 | D:1      | surprisetrexx the Merfolk Ice Elementalist began the quest
                  | for the Orb.
     0 | D:1      | Reached XP level 1. HP: 13/13 MP: 3/3
   211 | D:1      | Reached XP level 2. HP: 19/19 MP: 3/5
   281 | D:1      | Reached skill level 5 in Ice Magic
   692 | D:1      | Reached XP level 3. HP: 24/24 MP: 2/6
  1546 | D:2      | Reached skill level 6 in Ice Magic
  1551 | D:2      | Learned a level 3 spell: Ozocubu's Armour
  1737 | D:2      | Reached XP level 4. HP: 30/30 MP: 7/7
  1781 | D:2      | Noticed Natasha
  1789 | D:2      | Killed Natasha
  1868 | D:2      | Noticed Natasha
  1874 | D:2      | Killed Natasha
  2049 | D:2      | Found a shadowy altar of Dithmenos.
  2261 | D:2      | Reached XP level 5. HP: 35/35 MP: 6/8
  2834 | D:3      | Reached skill level 7 in Ice Magic
  3017 | D:3      | Found a glowing silver altar of Zin.
  3632 | D:4      | Found a hazy altar of Hepliaklqana.
  3637 | D:4      | Reached XP level 6. HP: 28/41 MP: 6/9
  3685 | D:5      | Entered Level 5 of the Dungeon
  3691 | D:5      | Noticed a hungry ghost
  3857 | D:5      | Reached skill level 8 in Ice Magic
  4106 | D:4      | Found an opulent altar of Gozag.
  4109 | D:4      | Found a shimmering blue altar of Sif Muna.
  4234 | D:4      | Killed a hungry ghost
  4234 | D:4      | Reached skill level 9 in Ice Magic
  4234 | D:4      | Reached XP level 7. HP: 36/46 MP: 10/10
  4296 | D:4      | Found a stormy altar of Qazlal.
  4365 | D:4      | Noticed Edmund
  4380 | D:4      | Slain by Edmund

Levels and vault maps discovered:
D:1:      minmay_arrival_hallway, layout_basic
D:2:      layout_basic, grunt_dithmenos_smoke_and_mirrors, uniq_natasha
D:3:      layout_loops_ring, first_ration, lemuel_altar_in_water
D:4:      layout_rooms, nicolae_overflow_crystal_walls,
          nicolae_overflow_hidden_temple, uniq_edmund
D:5:      layout_basic

Skill      XL: |  1  2  3  4  5  6 |
---------------+-------------------+-----
Ice Magic      | 5 6 7 9 |  9.4
Dodging        | |  2.6
Stealth        | |  2.1
Spellcasting   | |  2.0

Action                   |  1- 3 |  4- 6 |  7- 9 || total
-------------------------+-------+-------+-------++-------
Melee: Unarmed           |    13 |       |       ||    13
       Trident           |    19 |   179 |     5 ||   203
       Dagger            |       |     4 |       ||     4
Throw: Stone             |     3 |     4 |       ||     7
 Cast: Freeze            |    47 |    30 |    10 ||    87
       Ozocubu's Armour  |       |     2 |     1 ||     3
  Use: Scroll            |       |     2 |       ||     2
       Potion            |       |     1 |       ||     1
 Stab: Sleeping          |       |    10 |     1 ||    11
  Eat: Chunk             |     3 |     9 |     2 ||    14
       Ration            |       |     4 |       ||     4
Armor: Robe              |     6 |    24 |     1 ||    31
Dodge: Dodged            |    48 |   159 |    10 ||   217

Table legend:
 A = Non-vault XP
 B = Vault XP
 C = Vault XP percentage of total XP
 D = Non-vault monster count
 E = Vault monster count
 F = Vault count percentage of total count
                 A         B        C        D         E       F
            +---------+---------+-------+---------+---------+-------
      Total |     772 |      37 |   4.6 |      80 |       1 |   1.2
            +---------+---------+-------+---------+---------+-------
        D:1 |      49 |       0 |   0.0 |      25 |       0 |   0.0
        D:2 |     106 |      37 |  25.9 |      24 |       1 |   4.0
        D:3 |      32 |       0 |   0.0 |      12 |       0 |   0.0
        D:4 |     365 |       0 |   0.0 |      11 |       0 |   0.0
        D:5 |     220 |       0 |   0.0 |       8 |       0 |   0.0
            +---------+---------+-------+---------+---------+-------
